AoeStats
← Welsh91Wizard

MegaRandom

508938362Analyzed
4v4 RM · 6d ago on Sep 24, 2026· 41m 44s· 8 players
Game mode
Random Map
Map size
Large (8 player)
Population
200
Speed
Normal
Resources
Standard
Victory
Conquest
Starting age
Dark Age
Ending age
Imperial Age
RankedLock teamsTeams togetherTeam positionsShared explorationLock speedFull tech treeHidden civsTurbo modeCheats
Victory
Defeat
🇮🇹 Shu · Italy
1427
+9
🇬🇧 Vietnamese · United Kingdom
1394
+10
🇨🇦 Magyars · Canada
1221
+17
🇩🇪 Malians · Germany
1197
+18
🇩🇪 Danes · Germany
1375
-18
🇩🇪 Mongols · Germany
1351
-17
🇩🇪 Saxons · Germany
1256
-14
🇩🇪 Maya · Germany
1000
-21
Bruderachim
2:27 Loom
5:21 Loom
9:47 Feudal Age
10:28 Double-Bit Axe
15:28 Castle Age
16:11 Fletching
18:05 Scale Mail Armor
18:02 Bodkin Arrow
19:05 Fishing Lines
23:07 Gillnets
24:16 Ballistics
24:55 Bow Saw
25:25 Wheelbarrow
25:31 Gold Mining
25:39 Stone Mining
25:51 Stone Mining
30:01 Gold Shaft Mining
30:03 Stone Shaft Mining
30:39 Town Watch
33:40 Imperial Age
32:22 Squires
32:08 Gambesons
32:42 Chain Mail Armor
33:37 Masonry
37:12 Clinker Construction
38:05 Horse Collar
39:08 Bracer
Halogenlampen
4:10 Loom
13:54 Feudal Age
14:26 Double-Bit Axe
14:23 Horse Collar
19:36 Gold Mining
19:37 Stone Mining
23:09 Padded Archer Armor
28:36 Castle Age
27:33 Fletching
28:49 Crossbowman
30:57 Leather Archer Armor
31:53 Heavy Plow
32:40 Ballistics
39:52 Bodkin Arrow
Dj Paddy
9:47 Feudal Age
9:25 Loom
15:56 Castle Age
14:37 Horse Collar
14:54 Double-Bit Axe
18:10 Fletching
24:32 Horse Collar
25:37 Wheelbarrow
26:48 Bodkin Arrow
31:36 Hand Cart
34:05 Imperial Age
32:03 Forging
31:53 Scale Mail Armor
31:57 Squires
31:43 Gambesons
31:45 Arson
32:08 Gambesons
32:48 Ballistics
33:43 Iron Casting
33:35 Masonry
34:13 Chain Mail Armor
34:32 Town Watch
35:02 Stone Mining
35:04 Gold Mining
36:07 Siege Engineers
36:34 Architecture
37:55 Chemistry
37:48 Elite Varangian Guard
MergaTorbi
5:40 Loom
6:00 Loom
9:05 Feudal Age
9:43 Double-Bit Axe
14:22 Scale Barding Armor
15:44 Forging
16:12 Horse Collar
17:58 Bloodlines
19:43 Wheelbarrow
23:47 Castle Age
22:29 Gold Mining
24:49 Bow Saw
25:18 Chain Barding Armor
25:07 Husbandry
25:31 Town Watch
28:22 Iron Casting
29:50 Heavy Plow
36:40 Fletching
37:57 Hand Cart
NEXT_LEVER
7:57 Loom
9:52 Feudal Age
11:49 Double-Bit Axe
14:45 Fletching
15:15 Horse Collar
20:25 Castle Age
19:38 Gold Mining
21:42 Bow Saw
21:35 Heavy Plow
21:23 Crossbowman
21:59 Bodkin Arrow
24:23 Wheelbarrow
28:47 Gold Mining
32:58 Imperial Age
31:19 Stone Mining
33:02 Hand Cart
32:32 Town Watch
33:44 Bracer
34:47 Chemistry
36:06 Stone Shaft Mining
36:48 Siege Engineers
37:05 Ballistics
36:48 Padded Archer Armor
38:51 Elite Rattan Archer
39:38 Thumb Ring
42:05 Leather Archer Armor
Mr. Roboto
9:17 Loom
11:05 Feudal Age
13:50 Double-Bit Axe
14:47 Horse Collar
18:23 Castle Age
20:01 Bow Saw
22:21 Husbandry
22:32 Bloodlines
22:29 Scale Barding Armor
23:02 Wheelbarrow
27:39 Forging
32:08 Gold Mining
33:44 Hand Cart
37:29 Imperial Age
35:52 Chain Barding Armor
36:07 Iron Casting
37:32 Gold Shaft Mining
37:09 Heavy Plow
38:07 Cavalier
40:21 Plate Barding Armor
41:10 Farimba
41:30 Conscription
Welsh91Wizard
9:32 Loom
11:19 Feudal Age
19:39 Castle Age
17:53 Horse Collar
18:00 Double-Bit Axe
19:48 Scale Barding Armor
20:37 Heavy Plow
22:11 Chain Barding Armor
25:13 Fletching
26:19 Wheelbarrow
27:27 Bodkin Arrow
28:44 Hand Cart
29:03 Hand Cart
28:55 Stone Mining
29:52 Gold Mining
31:04 Bow Saw
32:02 Town Watch
35:53 Imperial Age
35:01 Gold Shaft Mining
34:41 Bloodlines
34:32 Husbandry
35:02 Corvinian Army
36:11 Elite Magyar Huszar
37:12 Conscription
37:31 Plate Barding Armor
38:30 Two-Man Saw
38:19 Crop Rotation
tagliola23
7:45 Loom
10:03 Feudal Age
11:11 Double-Bit Axe
12:51 Town Watch
15:57 Fletching
21:19 Castle Age
20:33 Padded Archer Armor
22:14 Bodkin Arrow
21:41 Crossbowman
22:44 Bow Saw
22:52 Gold Mining
27:01 Horse Collar
28:39 Ballistics
33:14 Imperial Age
31:17 Thumb Ring
32:21 Leather Archer Armor
32:27 Stone Mining
34:04 Bracer
33:46 Arbalester
36:49 Chemistry
38:07 Ring Archer Armor
38:54 Bolt Magazine
39:41 Conscription
Connection lost

Rejoining the realm…

Still unreachable

The connection could not be restored.

Session expired

The server has moved on; the page needs a fresh start.